 Dungeon Crawl Stone Soup version 0.31-a0-195-g7586a6f1e9 (webtiles) character file.

Game seed: 544831273493839577

1418 qw the Skirmisher (level 8, -4/46 HPs)
             Began as a Deep Elf Hunter on June 24, 2023.
             Slain by a killer bee (5 damage)
             ... on level 6 of the Dungeon.
             The game lasted 00:01:53 (3708 turns).

qw the Skirmisher (Deep Elf Hunter)                 Turns: 3708, Time: 00:01:54

Health: -4/46      AC: 11    Str: 16    XL:     8   Next: 43%
Magic:  10/10      EV: 12    Int: 15    God:
Gold:   75         SH:  5    Dex: 18    Spells: 7/7 levels left

rFire   + . .        Y - +1 shortbow
rCold   . . .        (shield currently unavailable)
rNeg    . . .        r - +3 scale mail
rPois   .            (no helmet)
rElec   .            (no cloak)
rCorr   .            g - +0 pair of gloves
SInv    .            e - +0 pair of boots
Will    .....        c - amulet of reflection
Stlth   +            l - +6 ring of strength
HPRegen 0.27/turn    f - +4 ring of slaying {mikee}
MPRegen 0.12/turn

%: reflection
@: lethally poisoned (-4 -> -6)
A: fire resistance 1, sturdy frame 1
a: no special abilities


You were on level 6 of the Dungeon.
You visited 1 branch of the dungeon, and saw 6 of its levels.

You collected 285 gold pieces.
You spent 210 gold pieces at shops.


Innate Abilities, Weirdness & Mutations

Your flesh is heat resistant. (rF+)
Your movements are slightly less encumbered by armour. (ER -2)


   Skills:
 - Level 3.1 Fighting
 + Level 13.0 Ranged Weapons
 - Level 1.1 Armour
 - Level 4.3 Dodging
 - Level 1.2 Stealth


You had 7 spell levels left.
You didn't know any spells.
Your spell library was empty.

Inventory:

Hand Weapons
 Y - a +1 shortbow (weapon)
Armour
 e - a +0 pair of boots (worn)
 g - a +0 pair of gloves (worn)
 p - the +2 leather armour "Hidwis" {rF- SInv Stlth+}
   (You took it off a gnoll on level 4 of the Dungeon)

   rF:        It makes you vulnerable to fire.
   SInv:      It lets you see invisible.
   Stlth:     It makes you more stealthy.
 r - a +3 scale mail (worn)
Jewellery
 a - an amulet of the acrobat
 c - an amulet of reflection (around neck)
 f - a +4 ring of slaying (right hand) {mikee}
 l - a +6 ring of strength (left hand)
Scrolls
 m - a scroll of identify
Potions
 d - 3 potions of mutation
 h - 2 potions of haste
 j - 2 potions of curing
 n - a potion of attraction {unknown}
 o - a potion of cancellation {unknown}
 q - a potion of ambrosia {unknown}

Dungeon Overview and Level Annotations

Branches:
Dungeon (6/15)
 Temple: D:4-7

Altars:
Kikubaaqudgha
Qazlal
Zin
The Shining One

Shops:
D:4 !


Message History

The killer bee stings you. The killer bee stings you!
The killer bee barely misses you. The killer bee misses you.
The killer bee barely misses you. x2
You shoot an arrow. The arrow hits the killer bee.
The killer bee is severely wounded.
You feel sick. You block the killer bee's attack.
The killer bee stings you but does no damage. x2
You shoot an arrow. The arrow hits the killer bee.
The killer bee is almost dead.
You feel sick. The killer bee closely misses you.
The killer bee stings you but does no damage.
The killer bee barely misses you.
The killer bee stings you but does no damage.
The killer bee barely misses you. The killer bee closely misses you.
You shoot an arrow. The arrow hits the killer bee!
You kill the killer bee!
You feel sick. The killer bee stings you! The killer bee barely misses you.
The killer bee closely misses you. You block the killer bee's attack.
Your Ranged Weapons skill increases to level 13!
You shoot an arrow. The arrow misses the killer bee.
You feel sick. You block the killer bee's attack.
The killer bee barely misses you. The adder barely misses you.
The killer bee stings you but does no damage.
The killer bee stings you. The iguana bites you. The adder barely misses you.
3706 ||| DRINKING potion of heal wounds.
You feel much better.
You feel sick.
The killer bee stings you but does no damage.
The killer bee stings you. You block the killer bee's attack.
The killer bee misses you. The adder barely misses you. The iguana bites you!
You shoot an arrow. The arrow hits the killer bee!
The killer bee is heavily wounded.
You feel sick. The killer bee stings you! You block the killer bee's attack.
You block the adder's attack.
The killer bee stings you but does no damage.
The killer bee closely misses you. The iguana bites you!
You shoot an arrow.
The arrow closely misses the killer bee.
You feel sick. The killer bee completely misses you. The killer bee stings you.
You die...

##. ... #... .....$
#:.# .!...
#........ #..#.#.#
#...#.. #y#S#.#.#
##### ##.@y....#
#>[.###..#l#..##
##...........?....
##..##.%.#.#.##.###
##.####.......# ..
#####.## #.##.####
.. .....## #.###.#
. ....## #### #..
##### #.# #..


You could see an iguana, 2 killer bees and an adder.

Vanquished Creatures
  A black bear (D:5)
  An ogre (D:4)
  2 phantoms
  A gnoll sergeant (D:5)
  6 scorpions
  3 killer bees (D:6)
  A howler monkey (D:4)
  A jelly (D:4)
  A crimson imp (D:4)
  An orc priest (D:4)
  A sleepcap (D:5)
  3 iguanas
  3 orc wizards
  8 gnolls
  5 adders
  A white imp (D:5)
  A worm (D:5)
  7 dart slugs
  7 orcs
  4 bats
  4 endoplasms
  2 giant cockroaches
  15 goblins
  7 hobgoblins
  8 jackals
  4 quokkas
  2 ball pythons
  2 frilled lizards
  2 goblin skeletons (D:4)
  A hobgoblin zombie (D:4)
  6 kobolds
  A kobold skeleton (D:4)
  4 kobold zombies (D:4)
  2 orc zombies (D:4)
  4 rats
122 creatures vanquished.

Notes
Turn   | Place    | Note
-------+----------+-------------------------------------------
     0 | D:1      | qw the Deep Elf Hunter began the quest for the Orb.
     0 | D:1      | Reached XP level 1. HP: 12/12 MP: 3/3
     0 | D:1      | 0 ||| qw: Version: 0.3-a-9-g12657ce
     0 | D:1      | 0 ||| qw: Game counter: 4741
     0 | D:1      | 0 ||| qw: Always use a shield: true
     0 | D:1      | 0 ||| qw: God list: Okawaru
     0 | D:1      | 0 ||| qw: Allow faded altars: false
     0 | D:1      | 0 ||| qw: Do Orc after D:15 true
     0 | D:1      | 0 ||| qw: Do second Lair branch before Depths: true
     0 | D:1      | 0 ||| qw: Lair rune preference: random
     0 | D:1      | 0 ||| qw: Plans: Normal
     0 | D:1      | 0 ||| PLANNING D:1-11
    64 | D:1      | Reached skill level 6 in Ranged Weapons
    64 | D:1      | Reached XP level 2. HP: 16/16 MP: 4/4
   279 | D:1      | Reached XP level 3. HP: 20/20 MP: 5/5
   439 | D:1      | 439 ||| UPGRADING to +0 pair of boots.
   444 | D:1      | 444 ||| READING scroll labelled GIEMMEXZUV.
   445 | D:1      | 445 ||| DRINKING 2 smoky silvery potions.
   445 | D:1      | Gained mutation: Your flesh is heat resistant. (rF+)
                  | [potion of mutation]
   445 | D:1      | Gained mutation: Your movements are slightly less
                  | encumbered by armour. (ER -2) [potion of mutation]
   446 | D:1      | 446 ||| DROPPING scroll of butterflies.
   689 | D:2      | Reached skill level 7 in Ranged Weapons
   815 | D:2      | Found an ancient bone altar of Kikubaaqudgha.
  1024 | D:2      | 1024 ||| UPGRADING to ring of positive energy.
  1025 | D:2      | 1025 ||| UPGRADING to +4 ring of slaying {mikee}.
  1026 | D:2      | 1026 ||| READING scroll labelled XYROEH XOEGEIPP.
  1027 | D:2      | 1027 ||| READING scroll labelled GOIRIACVUADGH.
  1244 | D:3      | Reached XP level 4. HP: 25/25 MP: 6/6
  1488 | D:3      | Found an ancient bone altar of Kikubaaqudgha.
  1682 | D:3      | 1682 ||| UPGRADING to +0 pair of gloves.
  1687 | D:3      | 1687 ||| UPGRADING to +0 ring mail.
  1697 | D:3      | 1697 ||| DROPPING +0 leather armour.
  1698 | D:3      | 1698 ||| UPGRADING to amulet of guardian spirit.
  1703 | D:3      | 1703 ||| READING scroll labelled ADWIBO YMUFO.
  1705 | D:3      | 1705 ||| Stepping ~*~*~tactically~*~*~ (cloud).
  1795 | D:4      | Noticed a scorpion
  1801 | D:4      | 1801 ||| STAIRDANCE
  1805 | D:3      | Killed a scorpion
  1806 | D:3      | Reached skill level 8 in Ranged Weapons
  1806 | D:3      | Reached XP level 5. HP: 25/29 MP: 5/7
  1857 | D:4      | 1857 ||| Stepping ~*~*~tactically~*~*~ (outnumbered).
  1859 | D:4      | 1859 ||| Stepping ~*~*~tactically~*~*~ (outnumbered).
  1864 | D:4      | Reached skill level 9 in Ranged Weapons
  1878 | D:4      | Reached XP level 6. HP: 16/35 MP: 5/8
  1884 | D:4      | Reached skill level 1 in Armour
  1932 | D:4      | 1932 ||| FLEEEEING.
  1933 | D:4      | 1933 ||| FLEEEEING.
  1934 | D:4      | 1934 ||| FLEEEEING.
  1935 | D:4      | 1935 ||| FLEEEEING.
  1936 | D:4      | 1936 ||| FLEEEEING.
  1938 | D:4      | 1938 ||| STAIRDANCE
  1952 | D:3      | 1952 ||| READING scroll labelled OKLISM CO XEIG.
  1967 | D:4      | 1967 ||| FLEEEEING.
  1968 | D:4      | 1968 ||| FLEEEEING.
  1969 | D:4      | 1969 ||| FLEEEEING.
  1970 | D:4      | 1970 ||| FLEEEEING.
  1971 | D:4      | 1971 ||| FLEEEEING.
  1972 | D:4      | 1972 ||| FLEEEEING.
  1973 | D:4      | 1973 ||| FLEEEEING.
  1974 | D:4      | 1974 ||| FLEEEEING.
  1989 | D:4      | Reached skill level 10 in Ranged Weapons
  2011 | D:4      | Reached skill level 3 in Dodging
  2011 | D:4      | 2011 ||| FLEEEEING.
  2012 | D:4      | 2012 ||| FLEEEEING.
  2013 | D:4      | 2013 ||| FLEEEEING.
  2016 | D:4      | 2016 ||| FLEEEEING.
  2017 | D:4      | 2017 ||| FLEEEEING.
  2018 | D:4      | 2018 ||| FLEEEEING.
  2024 | D:4      | Reached XP level 7. HP: 25/40 MP: 5/9
  2127 | D:4      | Found Foetzeos's Distillery.
  2134 | D:4      | 2134 ||| BUYING 2 potions of curing (60 gold).
  2134 | D:4      | Bought 2 potions of curing for 60 gold pieces
  2134 | D:4      | 2134 ||| BUYING potion of haste (100 gold).
  2134 | D:4      | Bought a potion of haste for 100 gold pieces
  2134 | D:4      | 2134 ||| SHOPLISTING potion of haste (100 gold, have 62).
  2134 | D:4      | 2134 ||| BUYING potion of heal wounds (50 gold).
  2134 | D:4      | Bought a potion of heal wounds for 50 gold pieces
  2134 | D:4      | 2134 ||| SHOPLISTING potion of resistance (100 gold, have
                  | 12).
  2304 | D:4      | Found a glowing golden altar of the Shining One.
  2362 | D:4      | Identified the +2 leather armour "Hidwis" {rF- SInv Stlth+}
  2454 | D:4      | 2454 ||| UPGRADING to +2 leather armour "Hidwis" {rF- SInv
                  | Stlth+}.
  2464 | D:4      | 2464 ||| UPGRADING to +6 ring of strength.
  2466 | D:4      | 2466 ||| DROPPING ring of positive energy.
  2467 | D:4      | 2467 ||| READING scroll labelled BOHIYZYESO.
  2468 | D:4      | 2468 ||| DRINKING 2 glowing orange potions.
  2504 | D:4      | 2504 ||| DROPPING potion of lignification.
  2536 | D:5      | Entered Level 5 of the Dungeon
  2562 | D:5      | 2562 ||| FLEEEEING.
  2563 | D:5      | 2563 ||| FLEEEEING.
  2564 | D:5      | 2564 ||| FLEEEEING.
  2565 | D:5      | 2565 ||| FLEEEEING.
  2567 | D:5      | 2567 ||| FLEEEEING.
  2568 | D:5      | 2568 ||| FLEEEEING.
  2569 | D:5      | 2569 ||| STAIRDANCE
  2655 | D:5      | Reached skill level 11 in Ranged Weapons
  2714 | D:5      | 2714 ||| Stepping ~*~*~tactically~*~*~ (outnumbered).
  2716 | D:5      | 2716 ||| Stepping ~*~*~tactically~*~*~ (outnumbered).
  2732 | D:5      | 2732 ||| FLEEEEING.
  2791 | D:5      | 2791 ||| FLEEEEING.
  2797 | D:5      | 2797 ||| FLEEEEING.
  2823 | D:5      | Found a stormy altar of Qazlal.
  3119 | D:5      | Reached skill level 12 in Ranged Weapons
  3119 | D:5      | Reached XP level 8. HP: 39/44 MP: 10/10
  3377 | D:5      | Found a glowing silver altar of Zin.
  3377 | D:5      | Noticed an angel
  3522 | D:5      | 3522 ||| DROPPING +0 ring mail.
  3523 | D:5      | 3523 ||| UPGRADING to +3 scale mail.
  3533 | D:5      | 3533 ||| UPGRADING to amulet of reflection.
  3543 | D:5      | 3543 ||| DROPPING amulet of guardian spirit.
  3544 | D:5      | 3544 ||| READING scroll labelled PIASAX FODGH.
  3579 | D:6      | 3579 ||| PLANNING OSSUARY
  3598 | D:6      | Reached skill level 3 in Fighting
  3630 | D:6      | Identified the +7 chain mail of the Trilobite {rC- Will+
                  | Int+3}
  3705 | D:6      | Reached skill level 13 in Ranged Weapons
  3705 | D:6      | HP: 11/46 [poisoned by a killer bee]
  3706 | D:6      | 3706 ||| DRINKING potion of heal wounds.
  3707 | D:6      | HP: 2/46 [iguana (11)]
  3708 | D:6      | Slain by a killer bee

Levels and vault maps discovered:
D:1:      dpeg_arrival_shelter, layout_rooms, st_stairs_13
D:2:      layout_rooms, basic_altar, minivault_23, minmay_cut_off
D:3:      layout_basic, mainiacjoe_overflow_brackets, grunt_ministairs_5,
          serial_bayou_lagoon_a, kennysheep_boxes
D:4:      layout_rooms, nicolae_tso_besieged_by_evil, kennysheep_diamond,
          minmay_fractal_squares_5
D:5:      layout_basic, nicolae_qazlal_general_emergency, zin_angel,
          serial_curves, eino_curves_02, eino_curves_02
D:6:      layout_layer_cave, nicolae_ossuary_entry_monument,
          hangedman_decor_riveting

Skill      XL: |  1  2  3  4  5  6  7  8 |
---------------+-------------------------+-----
Ranged Weapons | 6 7 8 9 10 12 13 | 13.0
Fighting       | 2 3 |  3.1
Armour         | 1 |  1.1
Dodging        | 3 4 |  4.3
Stealth        | |  1.2

Action                     |  1- 3 |  4- 6 |  7- 9 || total
---------------------------+-------+-------+-------++-------
   Fire: Shortbow          |   132 |    91 |   156 ||   379
    Use: Scroll            |     3 |     2 |     2 ||     7
         Potion            |     1 |       |     2 ||     3
 Armour: Leather armour    |    10 |       |     5 ||    15
         Ring mail         |       |     5 |     1 ||     6
         Scale mail        |       |       |    16 ||    16
  Dodge: Dodged            |    28 |    13 |    39 ||    80
  Block: Other             |       |       |     8 ||     8

Table legend:
 A = Non-vault XP
 B = Vault XP
 C = Vault XP percentage of total XP
 D = Non-vault monster count
 E = Vault monster count
 F = Vault count percentage of total count
                 A         B        C        D         E       F
            +---------+---------+-------+---------+---------+-------
      Total |    1919 |     108 |   5.3 |     103 |      19 |  15.6
            +---------+---------+-------+---------+---------+-------
        D:1 |      42 |       2 |   4.5 |      24 |       1 |   4.0
        D:2 |      36 |       7 |  16.3 |      17 |       3 |  15.0
        D:3 |     106 |       5 |   4.5 |      12 |       2 |  14.3
        D:4 |     592 |      94 |  13.7 |      22 |      13 |  37.1
        D:5 |     687 |       0 |   0.0 |      17 |       0 |   0.0
        D:6 |     456 |       0 |   0.0 |      11 |       0 |   0.0
            +---------+---------+-------+---------+---------+-------
